 Dungeon Crawl Stone Soup version 0.31.0-1-g2c135a0 (webtiles) character file.

Game seed: 9680274545160203164

8 jagoly the Trooper (level 2, -1/19 HPs)
             Began as a Gargoyle Monk on Jan 26, 2024.
             Slain by a gnoll
             ... wielding a +2 spear of venom
              (9 damage)
             ... on level 1 of the Dungeon.
             The game lasted 00:00:52 (74 turns).

jagoly the Trooper (Gargoyle Monk)                    Turns: 74, Time: 00:00:52

Health: -1/19      AC:  5    Str: 14    XL:     2   Next: 8%
Magic:  2/2        EV: 12    Int: 10    God:
Gold:   13         SH:  0    Dex: 12    Spells: 1/1 levels left

rFire   . . .        a - +0 hand axe
rCold   . . .        d - orb {light}
rNeg    + . .        e - +0 leather armour
rPois   ∞            (no helmet)
rElec   +            (no cloak)
rCorr   .            (no gloves)
SInv    .            (no boots)
Will    .....        (no amulet)
Stlth   +            (no ring)
HPRegen 0.23/turn    (no ring)
MPRegen 0.08/turn

%: no passive effects
@: glowing
A: sickness immunity, AC +2, negative energy resistance 1, electricity
resistance, torment resistance 1, petrification resistance
a: no special abilities


You were on level 1 of the Dungeon.
You visited 1 branch of the dungeon, and saw 1 of its levels.

You collected 13 gold pieces.

Inventory:

Hand Weapons
 a - a +0 hand axe (weapon)
Armour
 b - a +0 robe
 d - an orb of light (worn)
 e - a +0 leather armour (worn)
Scrolls
 f - a scroll of fear {unknown}
Potions
 c - a potion of ambrosia


   Skills:
 + Level 3.4 Fighting
 + Level 2.8 Axes
 + Level 0.2 Armour
 - Level 2.4 Dodging
 + Level 1.0 Stealth


You had one spell level left.
You didn't know any spells.
Your spell library was empty.

Dungeon Overview and Level Annotations

Branches:
Dungeon (1/15) Zot: 5922

Altars:


Innate Abilities, Weirdness & Mutations

You are immune to sickness and miasma.
Your stone body is resilient. (AC +2)
You are immune to poison.
You resist negative energy. (rN+)
You are resistant to electric shocks. (rElec)
You are resistant to unholy torment.
You are immune to petrification.


Message History

Welcome, jagoly the Gargoyle Monk.
The heart of this dungeon contains the breathtaking artefact, the Orb of Zot.
Press ? for a list of commands and other information.
Found a staircase leading out of the dungeon.
Found a long sword.
Found 13 gold pieces.
You now have 13 gold pieces.
Found a glowing orb.
A hobgoblin comes into view.
Found a scroll labelled PUBARU PEGIHIULU.
A hobgoblin is nearby!
An endoplasm and a ball python come into view.
The endoplasm quivers.
The ball python hisses angrily.
You hear a loud squeak.
The hobgoblin barely misses you.
A rat comes into view.
You hit the hobgoblin.
The hobgoblin is moderately wounded.
The hobgoblin closely misses you.
You hit the hobgoblin but do no damage.
The hobgoblin is moderately wounded.
You hit the ball python. The ball python closely misses you.
The ball python barely misses you. The hobgoblin barely misses you.
You hit the ball python but do no damage.
The ball python is heavily wounded.
You hit the hobgoblin.
The ball python bites you but does no damage.
The ball python barely misses you. The hobgoblin closely misses you.
The ball python completely misses you. The ball python misses you.
You hit the hobgoblin.
You kill the hobgoblin!
You completely miss the ball python. The ball python closely misses you.
The ball python barely misses you.
You hit the ball python.
You kill the ball python!
You hit the rat.
You kill the rat!
You hit the endoplasm. The endoplasm freezes you.
You are frozen.
You hit the endoplasm.
You kill the endoplasm!
No target in view!
Found a leather armour.
Things that are here:
a rat corpse; a hobgoblin corpse You see here a +0 leather armour.
You start removing your armour.
You continue taking off your +0 robe. x4
You finish taking off your +0 robe.
You start putting on your armour.
You continue putting on your +0 leather armour. x5
You finish putting on your +0 leather armour.
A kobold comes into view. It is wielding a +0 club.
The kobold shouts!
A goblin comes into view. It is wielding a +0 club.
The kobold attacks as it pursues you! The kobold hits you but does no damage.
You hit the kobold.
The kobold is moderately wounded.
The kobold misses you.
You hit the kobold but do no damage.
The kobold is moderately wounded.
You barely miss the goblin. The kobold barely misses you.
The goblin hits you but does no damage.
You hit the kobold but do no damage.
The kobold is moderately wounded.
You hit the goblin. The kobold hits you but does no damage.
The goblin completely misses you.
You closely miss the goblin.
The goblin is heavily wounded.
You hit the kobold but do no damage. The kobold barely misses you.
The goblin barely misses you.
You hit the goblin.
You kill the goblin!
You hit the kobold.
You kill the kobold!
You have reached level 2!
A hobgoblin comes into view.
You see here a scroll labelled PUBARU PEGIHIULU.
f - a scroll labelled PUBARU PEGIHIULU A gnoll comes into view.
It is wielding a +2 spear of venom.
You hit the hobgoblin.
The hobgoblin is heavily wounded.
The hobgoblin misses you. The gnoll barely misses you. The hobgoblin hits you.
You hit the hobgoblin but do no damage.
The hobgoblin is heavily wounded.
The gnoll hits you from afar with a +2 spear of venom.
The hobgoblin barely misses you.
A kobold comes into view. It is wielding a +0 short sword.
The kobold shouts!
You hear a shout!
The gnoll barely misses you. The hobgoblin barely misses you.
Cleave: a) +0 hand axe
Press: ? - help, Dir - move target, f - gnoll
Aim: a gnoll, wielding a +2 spear of venom (haloed, about 18% to evade your +0 hand axe)
You hit the gnoll.
The gnoll is moderately wounded.
You hit the hobgoblin.
The gnoll hits you with a +2 spear of venom.
The hobgoblin barely misses you.
Cleave: a) +0 hand axe
Press: ? - help, Dir - move target, f/p - gnoll
Aim: a gnoll, wielding a +2 spear of venom (moderately wounded, haloed, about 18% to evade your +0 hand axe)
You hit the gnoll but do no damage.
The gnoll is moderately wounded.
You hit the hobgoblin.
You kill the hobgoblin!
The gnoll hits you with a +2 spear of venom.
* * * LOW HITPOINT WARNING * * *
Your Stealth skill increases to level 1!
Cleave: a) +0 hand axe
Press: ? - help, Dir - move target, f/p - gnoll
Aim: a gnoll, wielding a +2 spear of venom (moderately wounded, haloed, about 18% to evade your +0 hand axe)
You hit the gnoll.
The gnoll is heavily wounded.
The gnoll hits you with a +2 spear of venom!
You die...

.. #.....###...#
...#...[.†...### #
............####.## .
...##...#.........#..
....
##..)............ ###
##.)#..####.....
.......#..###K....
##..##.....g......
....#.....@.......
#.##...#....####...
#.#.......... #
#.#.....####
.....#.## .##... #..#
#..


You could see a gnoll and a kobold.

Vanquished Creatures
  A ball python (D:1)
  An endoplasm (D:1)
  A goblin (D:1)
  2 hobgoblins (D:1)
  A kobold (D:1)
  A rat (D:1)
7 creatures vanquished.

Notes
Turn   | Place    | Note
-------+----------+-------------------------------------------
     0 | D:1      | jagoly the Gargoyle Monk began the quest for the Orb.
     0 | D:1      | Reached XP level 1. HP: 14/14 MP: 1/1
     3 | D:1      | Noticed an electric eel
     3 | D:1      | Noticed an electric eel
    65 | D:1      | Reached XP level 2. HP: 19/19 MP: 2/2
    74 | D:1      | Reached skill level 1 in Stealth
    74 | D:1      | Slain by a gnoll

Illustrated notes

Levels and vault maps discovered:
D:1:      arrival_aquarium_b, layout_rooms, ebering_ecumenical_altar_hall,
          minmay_cupped

Skill      XL: |  1  2 |
---------------+-------+-----
Stealth        | 1 |  1.0
Fighting       | |  3.4
Axes           | |  2.8
Armour         | |  0.2
Dodging        | |  2.4

Action                     || total
---------------------------++-------
  Melee: Hand axe          ||    16
 Armour: Leather armour    ||     8
         Robe              ||     1
  Dodge: Dodged            ||    22
